 Dungeon Crawl Stone Soup version 0.27-a0-972-gd1521fd518 (console) character file.

Game seed: 5331611721850560954

259773 Gather the Gelid (level 19, -13/120 HPs)
             Began as an Octopode Ice Elementalist on Mar 27, 2021.
             Was an Elder of Sif Muna.
             Killed from afar by a tengu reaver (18 damage)
             ... with a bolt of fire
             ... on level 3 of the Vaults on Apr 13, 2021.
             The game lasted 07:35:34 (85846 turns).

Gather the Gelid (Octopode Ice Elementalist)       Turns: 85846, Time: 07:35:35

Health: -13/120    AC: 13    Str: 13    XL:     19   Next: 91%
Magic:  14/42      EV: 22    Int: 22    God:    Sif Muna [****..]
Gold:   3193       SH: 17    Dex: 16    Spells: 2/39 levels left

rFire    + + .     SeeInvis .   b - staff of cold
rCold    + + +     Faith    +   g - +4 kite shield "Niweq" {Slay+3}
rNeg     + + +     Spirit   .   H - +2 hat
rPois    ∞         Reflect  .   Q - amulet of faith
rElec    .         Harm     .   h - ring of Tension {Contam +Inv rPois Will+ Str+6}
rCorr    .         Rampage  .   R - ring of protection from fire
Will     +++..                  Y - +4 ring of evasion
Stlth    +++++.....             z - ring of protection from fire
HPRegen  0.30/turn              s - ring of protection from fire
MPRegen  0.28/turn              p - ring of magical power
                                n - +4 ring of protection
                                U - ring of ice

@: lethally poisoned (-13 -> -13), lich-form, unable to drink, very slightly
contaminated
A: draining attack, torment immunity, no potions, almost no armour, amphibious,
8 rings, camouflage 1, gelatinous body 1, (nimble swimmer 1), tentacles
}: 2/15 runes: serpentine, barnacled
a: End Transformation, Renounce Religion, Evoke Invisibility, Channel Magic,
Forget Spell, Divine Exegesis


You were on level 3 of the Vaults.
You worshipped Sif Muna.
Sif Muna was greatly pleased with you.
You were an undead lich.
You visited 8 branches of the dungeon, and saw 37 of its levels.
You also visited: Gauntlet.

You collected 5865 gold pieces.
You spent 2672 gold pieces at shops.

Inventory:

Hand Weapons
 a - the +10 morningstar "Eos" {elec, Halo rElec}
   (You took it off a kobold brigand on level 9 of the Dungeon)

   Occasionally, upon striking a foe, it can discharge electrical energy and
   cause terrible harm.
   It insulates you from electricity.
 c - a +4 dagger of chaos
Missiles
 t - 13 throwing nets
 x - 139 poisoned darts (quivered)
 y - 16 boomerangs of dispersal
 N - 9 curare-tipped darts
Armour
 g - the +4 kite shield "Niweq" (worn) {Slay+3}
   (You took it off Donald on level 1 of the Shoals)

   It affects your accuracy and damage with ranged weapons and melee attacks
   (+3).
 H - a +2 hat (worn)
Magical Staves
 b - a staff of cold (weapon)
Jewellery
 h - the ring of Tension (left tentacle) {Contam +Inv rPois Will+ Str+6}
   (You acquired it on level 4 of the Dungeon)

   [ring of strength]

   It affects your strength (+6).
   It protects you from poison.
   It lets you turn invisible.
   It causes magical contamination when unequipped.
   It increases your willpower.
 m - a +4 ring of slaying
 n - a +4 ring of protection (on tentacle)
 p - a ring of magical power (on tentacle)
 s - a ring of protection from fire (on tentacle)
 z - a ring of protection from fire (on tentacle)
 C - a ring of flight
 Q - an amulet of faith (around mantle)
 R - a ring of protection from fire (right tentacle)
 U - a ring of ice (on tentacle)
 W - the ring "Fiuma" {rC- rCorr Str+6 Int+10}
   (You found it on level 4 of the Shoals)

   [ring of resist corrosion]

   It affects your strength (+6).
   It affects your intelligence (+10).
   It makes you vulnerable to cold.
   It protects you from acid and corrosion.
 Y - a +4 ring of evasion (on tentacle)
Wands
 k - a wand of acid (7)
 q - a wand of digging (9)
 K - a wand of flame (63)
 V - a wand of iceblast (13)
 X - a wand of mindburst (33)
Scrolls
 d - 15 scrolls of teleportation
 i - 8 scrolls of magic mapping
 r - 2 scrolls of fear
 B - 15 scrolls of identify
 D - 3 scrolls of fog
 S - a scroll of amnesia
 T - a scroll of silence
Potions
 e - 7 potions of haste
 f - 6 potions of mutation
 j - 5 potions of flight
 l - 2 potions of magic
 o - 12 potions of curing
 u - 4 potions of might
 w - a potion of invisibility
 F - 5 potions of attraction
 I - 5 potions of brilliance
 J - 2 potions of cancellation
 M - 2 potions of resistance
 O - 5 potions of ambrosia
Miscellaneous
 v - a phantom mirror
 A - a tin of tremorstones (2/2)
 P - a box of beasts (inert)
 Z - a phial of floods


   Skills:
 - Level 8.0 Fighting
 - Level 2.8 Staves
 - Level 9.8 Dodging
 - Level 9.0 Stealth
 - Level 14.4 Shields
 - Level 10.6 Spellcasting
 + Level 16.5 Summonings
 - Level 2.4 Translocations
 - Level 17.5 Ice Magic
 - Level 5.8 Earth Magic
 - Level 9.1 Invocations
 - Level 6.4 Evocations


You had 2 spell levels left.
You knew the following spells:

 Your Spells              Type           Power      Damage    Failure   Level
c - Shadow Creatures      Summ           N/A        N/A       1%          6
f - Ice Form              Ice/Tmut       85%        N/A       1%          4
i - Ozocubu's Armour      Ice            100%       N/A       0%          3
l - Lee's Rapid Deconstr  Erth           18%        3d12*     16%         5
m - Monstrous Menagerie   Summ           35%        N/A       6%          7
r - Ozocubu's Refrigerat  Ice            58%        4d16      3%          7
x - Frozen Ramparts       Ice            100%       1d12      0%          3
z - Blink                 Tloc           N/A        N/A       3%          2

Your spell library contained the following spells:

 Spells                   Type           Power      Damage    Failure   Level
 Freeze                   Ice            100%       1d11      0%          1
 Summon Small Mammal      Summ           100%       N/A       0%          1
 Call Imp                 Summ           71%        N/A       0%          2
 Sandblast                Erth           74%        2d16      1%          1
 Ensorcelled Hibernation  Hex/Ice        100%       N/A       1%          2
 Passwall                 Tmut/Erth      20%        N/A       2%          2
 Corona                   Hex            12%        N/A       6%          1
 Magic Dart               Conj           44%        1d5       6%          1
 Pain                     Necr           68%        1d7       6%          1
 Shock                    Conj/Air       44%        1d5       6%          1
 Corpse Rot               Necr/Air       N/A        N/A       10%         2
 Poisonous Vapours        Pois/Air       22%        N/A       10%         2
 Searing Ray              Conj           22%        3d3       10%         2
 Slow                     Hex            11%        N/A       10%         2
 Sublimation of Blood     Necr           8%         N/A       10%         2
 Wereblood                Tmut           11%        N/A       10%         2
 Call Canine Familiar     Summ           71%        N/A       1%          3
 Summon Guardian Golem    Hex/Summ       48%        N/A       1%          3
 Hailstorm                Conj/Ice       85%        3d17      1%          4
 Summon Ice Beast         Ice/Summ       100%       N/A       1%          4
 Summon Lightning Spire   Summ/Air       48%        N/A       1%          4
 Summon Forest            Summ/Tloc      26%        N/A       3%          5
 Metabolic Englaciation   Hex/Ice        42%        N/A       4%          5
 Stone Arrow              Conj/Erth      48%        3d10      5%          3
 Summon Mana Viper        Hex/Summ       48%        N/A       5%          5
 Summon Hydra             Summ           35%        N/A       6%          7
 Gell's Gravitas          Tloc           11%        N/A       7%          3
 Lesser Beckoning         Tloc           11%        N/A       7%          3
 Teleport Other           Tloc           22%        N/A       7%          3
 Portal Projectile        Hex/Tloc       34%        N/A       11%         3
 Confusing Touch          Hex            11%        N/A       19%         3
 Conjure Flame            Conj/Fire      11%        6-21      19%         3
 Dazzling Flash           Conj/Hex       22%        N/A       19%         3
 Ignite Poison            Fire/Tmut/Pois 11%        N/A       19%         3
 Inner Flame              Hex/Fire       11%        N/A       19%         3
 Mephitic Cloud           Conj/Pois/Air  11%        N/A       19%         3
 Static Discharge         Conj/Air       11%        N/A       19%         3
 Tukima's Dance           Hex            11%        N/A       19%         3
 Vampiric Draining        Necr           8%         2d7       19%         3
 Leda's Liquefaction      Hex/Erth       12%        N/A       19%         4
 Petrify                  Tmut/Erth      24%        N/A       19%         4
 Simulacrum               Ice/Necr       53%        N/A       26%         6
 Iskenderun's Mystic Bla  Conj/Tloc      17%        2d5       36%         4
 Borgnjor's Vile Clutch   Necr/Erth      18%        N/A       45%         5
 Cause Fear               Hex            5%         N/A       52%         4
 Dispel Undead            Necr           17%        3d10      52%         4
 Fulminant Prism          Conj/Hex       5%         3d7       52%         4
 Sticky Flame             Conj/Fire      11%        2d3       52%         4
 Manifold Assault         Tloc           22%        N/A       52%         5
 Bolt of Magma            Conj/Fire/Erth 10%        4d7       58%         5
 Freezing Cloud           Conj/Ice/Air   35%        6-21      63%         6
 Malign Gateway           Summ/Tloc      26%        N/A       71%         7
 Fireball                 Conj/Fire      5%         3d5       86%         5
 Iskenderun's Battlesphe  Conj           11%        2d7       86%         5
 Lightning Bolt           Conj/Air       5%         1d17      86%         5
 Yara's Violent Unravell  Hex/Tmut       5%         3d4       86%         5
 Haunt                    Necr/Summ      32%        N/A       86%         7
 Spellforged Servitor     Conj/Summ      24%        N/A       86%         7
 Iron Shot                Conj/Erth      12%        9d3       95%         6
 Death Channel            Necr           8%         N/A       100%        6
 Starburst                Conj/Fire      5%         8x6d4     100%        6
 Orb of Destruction       Conj           5%         9d2       100%        7
 Borgnjor's Revivificati  Necr           8%         N/A       100%        8
 Ignition                 Fire           5%         3d4       100%        8
 Infestation              Necr           8%         N/A       100%        8
 Lehudib's Crystal Spear  Conj/Erth      12%        10d4      100%        8
 Necromutation            Tmut/Necr      8%         N/A       100%        8
 Dragon's Call            Summ           35%        N/A       100%        9
 Shatter                  Erth           18%        3d17*     100%        9
 Tornado                  Air            5%         N/A       100%        9


Dungeon Overview and Level Annotations

Branches:
Dungeon (15/15)            Temple (0/1) D:5            Lair (6/6) D:11
 Shoals (4/4) Lair:4        Snake (4/4) Lair:2        Slime (0/5) Lair:6
    Orc (2/2) D:9             Elf (2/3) Orc:2        Vaults (3/5) D:14
  Crypt (1/3) Vaults:2     Depths (0/5) D:15        Gauntlet (visited)

Altars:
Ashenzari
Elyvilon
Fedhas
Gozag
Makhleb
Okawaru
Ru
Sif Muna
Trog
Uskayaw
Vehumet
Wu Jian
Yredelemnul
Zin
Beogh
Jiyva

Shops:
D:2 ?   D:3 *   D:7 ((   D:8 (   D:13 [   Orc:1 ==   Orc:2 :*[=   Elf:1 ::=
Shoals:1 (*(:[   Snake:3 =([?   Vaults:2 *[(

Annotations:
D:10 3 runed translucent doors, ReteAZ's ghost, journeyman DjIE
Elf:1 exclusion: orange crystal statue
Elf:2 3 runed translucent doors, Saint Roka


Innate Abilities, Weirdness & Mutations

You are an undead lich.
Your unarmed attacks are suffused with negative energy.
You are immune to unholy pain and torment.
Your necromantic spells are more powerful.
You are immune to poison.
You cannot drink.
You cannot wear most types of armour.
You are amphibious.
You can wear up to eight rings at the same time.
Your skin changes colour to match your surroundings (Stealth+).
Your rubbery body absorbs attacks. (AC +1, EV +1)
((You are camouflaged near water. (Stealth+)))
You have tentacles for arms and can constrict up to eight enemies at once.


Message History

Welcome back, Gather the Octopode Ice Elementalist.
Sif Muna whispers: I know many secrets...
Press ? for a list of commands and other information.
You open the lid... ...and a larval shocksting beast leaps out!
The box is emptied!
You feel very sick. The tengu reaver casts a spell at you.
The bolt of cold hits you!! You resist.
* * * LOW HITPOINT WARNING * * *
You cannot drink potions in your current state!
Okay, then.
Okay, then.
You can't memorise that many levels of magic yet!
Okay, then.
Welcome back, Gather the Octopode Ice Elementalist.
Sif Muna whispers: I know many secrets...
Press ? for a list of commands and other information.
Your body is suffused with negative energy!
Sif Muna will no longer gift you books.
The tengu reaver points at you and mumbles some strange words.
The bolt of lightning hits you!!
* * * LOW HITPOINT WARNING * * *
Your larval shocksting beast bursts into living lightning!
The living lightning misses the tengu reaver.
Your larval shocksting beast blinks! x2
As you read the scroll of summoning, it crumbles to dust.
Wisps of shadow whirl around you...
Your larval shocksting beast completely misses the tengu reaver. x2
Cast which spell? (? or * to list)
You summon a manticore!
The tengu reaver points at you and mumbles some strange words.
The bolt of fire hits your vault sentinel!!!
Your vault sentinel dies!
Your vault sentinel's corpse dissolves into shadows!
The bolt of fire hits your yaktaur!!!
Your yaktaur dies!
Your yaktaur's corpse dissolves into shadows!
The bolt of fire hits you!! You resist.
You die...

#######
#.#.#.#
###'#[#'###
#.'...c.'.#
###.Q..L###
+.'.H..c'p#
###...Hc###
+.><..'.#
#.....###
###+#'###
#.......###
#.........#
#.........#
##..##'#((####
#..#..#((#..#


You could see a tengu reaver (ally target), a friendly vault warden (summoned),
a friendly larval shocksting beast (summoned), a friendly manticore (summoned)
and 3 friendly yaktaurs.

Vanquished Creatures
  Mara (Shoals:4)
  A tentacled monstrosity (Vaults:2)
  Frances (Shoals:1)
  2 nagarajas (Snake:4)
  A tengu reaver (Vaults:3)
  Donald (Shoals:1)
  A fire giant (Vaults:2)
  5 vault wardens
  8 ironbound preservers
  3 very ugly things (Vaults:2)
  A war gargoyle (Vaults:2)
  A deep elf demonologist (Elf:1)
  A deep elf annihilator (Elf:1)
  A dire elephant (Vaults:1)
  An entropy weaver (Vaults:2)
  A minotaur (Gauntlet)
  6 merfolk javelineers (Shoals:4)
  A deep elf death mage (Vaults:2)
  7 merfolk impalers
  3 crystal guardians
  Fannar (Lair:2)
  A fire dragon (shapeshifter) (Gauntlet)
  2 great orbs of eyes
  A vault guard (D:14)
  A rakshasa (D:15)
  2 peacekeepers
  3 ironbound thunderhulks
  3 naga warriors (Snake:4)
  5 hydras
  A two-headed ogre (D:11)
  3 satyrs
  2 ironbound frosthearts (Vaults:1)
  4 anacondas
  2 boulder beetles (D:12)
  A catoblepas (Lair:3)
  6 merfolk avatars
  3 merfolk aquamancers
  4 ironbound beastmasters
  4 death yaks
  A shock serpent (Snake:2)
  An orc high priest (Orc:2)
  7 deep elf knights
  5 naga sharpshooters (Snake:4)
  A shadow wraith (Vaults:2)
  A skeletal warrior (D:13)
  A salamander mystic (Snake:4)
  16 sea snakes
  A glowing orange brain (shapeshifter) (Gauntlet)
  Pikel (D:4)
  11 deep trolls
  3 wizards (Vaults:2)
  A naga ritualist (Snake:4)
  13 harpies
  15 deep elf zephyrmancers
  6 ironbound convokers
  6 deep elf archers
  A necromancer (Vaults:2)
  8 orc knights
  3 lindwurms
  4 mana vipers
  2 oklob plants (Snake:2)
  11 deep elf pyromancers
  8 ugly things
  A salamander (Snake:4)
  5 manticores
  An orc sorcerer (Orc:1)
  17 fauns
  14 black mambas
  2 merfolk sirens
  7 naga magi
  4 elephants (Lair:6)
  6 water nymphs
  10 vault sentinels
  15 cane toads
  3 rime drakes
  11 yaktaurs
  4 komodo dragons
  A kobold demonologist (D:10)
  6 trolls
  36 merfolk
  8 wind drakes
  9 polar bears
  10 blink frogs
  Grinder (D:5)
  2 raiju (Lair:6)
  A dream sheep (Lair:6)
  14 slime creatures
  9 snapping turtles
  An air elemental (Elf:2)
  A redback (Vaults:2)
  3 shadows
  A ynoxinul (Gauntlet)
  2 wyverns
  3 water elementals
  16 yaks
  A hog (Snake:1)
  Eustachio (D:3)
  A basilisk (D:12)
  A human (shapeshifter) (Gauntlet)
  4 steam dragons (Shoals:2)
  2 vampire mosquitoes
  A swamp worm (shapeshifter) (D:15)
  6 nagas
  3 wargs
  5 water moccasins
  An acid dragon (D:11)
  26 orc warriors
  5 hell hounds
  2 ice beasts
  An ogre (D:9)
  A necrophage (D:6)
  8 black bears
  16 wolves
  12 centaurs
  4 lemures (D:4)
  2 phantoms
  6 small abominations (Gauntlet)
  Blork the orc (D:5)
  4 bullfrogs
  An earth elemental (Elf:1)
  A gnoll sergeant (D:9)
  2 water moccasin zombies
  4 wights (D:7)
  2 howler monkeys (D:12)
  An electric eel (Elf:1)
  A bullfrog zombie (D:5)
  3 centaur zombies
  4 hounds (D:6)
  3 jellies
  2 gnoll shamans
  A centaur skeleton (D:7)
  4 orc priests
  An iron imp (Gauntlet)
  A bullfrog skeleton (D:6)
  4 iguanas
  5 orc wizards
  Robin (D:2)
  20 gnolls
  6 adders
  A shadow imp (D:6)
  A white imp (D:5)
  7 nameless horrors
  3 worms (D:3)
  4 dart slugs
  58 orcs
  6 bats
  6 endoplasms
  3 giant cockroaches
  10 goblins
  12 hobgoblins
  11 kobolds
  6 quokkas
  4 ball pythons
  2 frilled lizards
  5 rats
767 creatures vanquished.

Vanquished Creatures (collateral kills)
  Vashnia (Snake:3)
  Asterion (Snake:3)
  Kirke (Lair:2)
  Agnes (Snake:1)
  2 nagarajas (Snake:4)
  A revenant (Vaults:2)
  Aizul (Snake:3)
  Louise (Snake:1)
  A dire elephant (Vaults:1)
  Azrael (D:12)
  A salamander tyrant (Snake:3)
  3 merfolk impalers
  3 vault guards (D:14)
  A fire dragon (Lair:1)
  Erolcha (D:12)
  An ogre mage (D:14)
  An ice dragon (Snake:1)
  3 centaur warriors
  5 hydras
  4 boulder beetles
  7 naga warriors
  An ironbound frostheart (Vaults:2)
  7 anacondas
  Erica (Lair:2)
  2 death yaks
  7 naga sharpshooters
  3 two-headed ogres
  8 dancing weapons
  4 nameless horrors
  5 shock serpents
  2 deep elf knights (Elf:2)
  3 skeletal warriors (D:14)
  A sea snake (Shoals:4)
  7 deep trolls
  4 naga ritualists
  A deep elf archer (Elf:1)
  A harpy (Shoals:1)
  A phantasmal warrior (Vaults:2)
  3 orc knights
  A wolf spider (D:15)
  6 ugly things
  4 mana vipers
  2 cyclopes
  2 human zombies (Vaults:2)
  5 manticores
  4 elephants (Lair:6)
  2 salamanders (Snake:3)
  An elephant (shapeshifter) (Gauntlet)
  4 merfolk sirens
  17 black mambas
  A faun (Shoals:1)
  2 water nymphs
  A stone giant skeleton (Vaults:2)
  18 naga magi
  A gargoyle (D:12)
  2 torpor snails
  8 cane toads
  An unseen horror (D:12)
  A yaktaur zombie (Vaults:2)
  A yaktaur (D:14)
  Psyche (D:9)
  2 minotaur zombies (Gauntlet)
  4 komodo dragons
  A tengu conjurer (D:14)
  A rime drake (Lair:4)
  4 trolls
  5 merfolk
  A wind drake (Shoals:2)
  A raiju (Lair:6)
  3 polar bears (Lair:6)
  2 snapping turtles (Shoals:4)
  11 slime creatures
  13 blink frogs
  2 large abominations (Gauntlet)
  5 dream sheep (Lair:6)
  Sigmund (D:2)
  A flying skull (Vaults:2)
  A water elemental (Shoals:1)
  4 wyverns
  6 hogs
  A yak (shapeshifter) (D:14)
  A wraith (D:14)
  A human (D:14)
  4 basilisks
  4 fire elementals
  30 yaks
  A steam dragon (Shoals:2)
  3 vampire mosquitoes
  An acid dragon (D:11)
  30 nagas
  7 wargs
  8 hell hounds (Lair:6)
  6 water moccasins
  15 orc warriors
  A sky beast (D:7)
  7 black bears
  A necrophage (D:4)
  8 wolves (Lair:6)
  8 ogres
  8 centaurs
  3 kobold brigands
  4 bullfrogs
  7 gnoll sergeants
  2 earth elementals (Elf:1)
  A wyvern skeleton (D:6)
  A glowing shapeshifter simulacrum (Vaults:1)
  A scorpion (D:5)
  5 wights (D:7)
  2 howler monkeys
  A centaur skeleton (D:7)
  7 orc priests
  2 iron imps (Gauntlet)
  7 orc wizards
  A howler monkey zombie (D:6)
  5 gnolls
  A shadow imp (D:8)
  A white imp (Vaults:1)
  25 orcs
  3 kobolds (D:9)
479 creatures vanquished.

Vanquished Creatures (others)
  An ironbound frostheart (Vaults:2)
  A nameless horror (D:12)
  A yaktaur (D:14)
  A black bear (Lair:6)
  An orc wizard (Orc:1)
  A bush (Lair:6)
  55 fungi
  186 plants
247 creatures vanquished.

Grand Total: 1493 creatures vanquished

Notes
Turn   | Place    | Note
-------+----------+-------------------------------------------
     0 | D:1      | Gather the Octopode Ice Elementalist began the quest for
                  | the Orb.
     0 | D:1      | Reached XP level 1. HP: 11/11 MP: 3/3
    93 | D:1      | Reached XP level 2. HP: 8/17 MP: 0/5
   795 | D:2      | Noticed Robin
  1071 | D:1      | Reached XP level 3. HP: 20/21 MP: 4/6
  1075 | D:1      | Learned a level 3 spell: Frozen Ramparts
  1128 | D:2      | Reached skill level 5 in Ice Magic
  1204 | D:2      | Found an ornate altar of the Wu Jian Council.
  1204 | D:2      | Found a shimmering blue altar of Sif Muna.
  1208 | D:2      | Became a worshipper of Sif Muna the Loreminder
  1232 | D:2      | Noticed Sigmund
  1267 | D:2      | Reached XP level 4. HP: 18/27 MP: 0/7
  1486 | D:2      | Killed Robin
  1595 | D:2      | Found Lukaral's Magic Scroll Boutique.
  1599 | D:2      | Bought a scroll of teleportation for 36 gold pieces
  1599 | D:2      | Bought a scroll of fear for 42 gold pieces
  2032 | D:3      | Found Zin's Purification Station.
  2033 | D:3      | Found a glowing silver altar of Zin.
  2160 | D:3      | Found a basalt altar of Yredelemnul.
  2686 | D:3      | Reached * piety under Sif Muna
  2687 | D:3      | Reached XP level 5. HP: 32/32 MP: 8/8
  2689 | D:3      | Found a faded altar of an unknown god.
  2939 | D:3      | Reached skill level 6 in Ice Magic
  3202 | D:4      | Identified a scroll of acquirement
  3206 | D:3      | Acquired the ring of Tension {*Contam +Inv rPois Will+
                  | Str+6}
  3249 | D:4      | Reached skill level 1 in Fighting
  3319 | D:4      | Noticed a necrophage
  3342 | D:4      | Learned a level 3 spell: Ozocubu's Armour
  3390 | D:4      | Noticed Eustachio
  3407 | D:4      | Found the +4 robe of Augmentation {Str+4 Int+4 Dex+4}
  3472 | D:4      | Noticed a phantom
  3523 | D:4      | Found a sacrificial altar of Ru.
  3664 | D:4      | Reached XP level 6. HP: 36/38 MP: 2/9
  3771 | D:4      | Found a broken altar of Ashenzari.
  4587 | D:4      | Noticed Pikel
  4732 | D:3      | Killed Eustachio
  4733 | D:3      | Reached skill level 5 in Stealth
  4733 | D:3      | Reached XP level 7. HP: 14/44 MP: 1/11
  4953 | D:3      | Learned a level 4 spell: Summon Ice Beast
  5332 | D:2      | Bought a scroll of identify for 24 gold pieces
  5332 | D:2      | Bought a scroll of identify for 24 gold pieces
  5334 | D:2      | Bought a scroll of fear for 42 gold pieces
  5455 | D:4      | Found a white marble altar of Elyvilon.
  5511 | D:4      | Reached skill level 1 in Summonings
  6001 | D:5      | Entered Level 5 of the Dungeon
  6293 | D:4      | Killed Pikel
  6294 | D:4      | Reached skill level 5 in Summonings
  6294 | D:4      | Reached XP level 8. HP: 47/49 MP: 0/12
  6828 | D:5      | Found an iron altar of Okawaru.
  7104 | D:5      | Noticed Blork the orc
  7109 | D:5      | Killed Blork the orc
  7110 | D:5      | Reached skill level 1 in Invocations
  7319 | D:5      | Reached skill level 1 in Evocations
  7643 | D:5      | Noticed Grinder
  7847 | D:5      | Noticed a yak
  7882 | D:5      | Reached ** piety under Sif Muna
  8158 | D:5      | Killed Grinder
  8273 | D:5      | Found a staircase to the Ecumenical Temple.
  8494 | D:2      | Killed Sigmund
  8650 | D:2      | Found a burning altar of Makhleb.
  8801 | D:6      | Reached XP level 9. HP: 18/54 MP: 3/13
  9057 | D:6      | Reached skill level 7 in Ice Magic
 10514 | D:7      | Upgraded the game from 0.27-a0-795-ge5c3fa52fd to
                  | 0.27-a0-802-gbe893936b8
 11142 | D:7      | Found Peput's Weapon Boutique.
 13229 | D:7      | Found a blossoming altar of Fedhas.
 13480 | D:7      | Found Mozihirch's Antique Weapon Boutique.
 13620 | D:8      | Found an iron altar of Okawaru.
 13674 | D:8      | Reached skill level 1 in Staves
 14171 | D:8      | Found Oxihauss's Antique Weapon Emporium.
 14269 | D:4      | Upgraded the game from 0.27-a0-802-gbe893936b8 to
                  | 0.27-a0-811-ga052575696
 14368 | D:8      | Reached XP level 10. HP: 50/62 MP: 6/16
 14946 | D:9      | Noticed Psyche
 14988 | D:9      | Killed Psyche
 15143 | D:9      | Found a radiant altar of Vehumet.
 15150 | D:9      | Reached skill level 5 in Dodging
 15303 | D:9      | Found a staircase to the Orcish Mines.
 15497 | D:9      | Reached *** piety under Sif Muna
 15986 | D:9      | Reached skill level 8 in Ice Magic
 17695 | D:9      | Reached skill level 1 in Shields
 17951 | D:9      | Upgraded the game from 0.27-a0-811-ga052575696 to
                  | 0.27-a0-824-gca8104f8d5
 17954 | D:10     | Entered Level 10 of the Dungeon
 18008 | D:10     | Found a runed translucent gate.
 18025 | D:10     | Noticed a kobold demonologist
 18032 | D:10     | Noticed a sun demon
 18228 | D:10     | Killed a kobold demonologist
 18453 | D:10     | Found a runed translucent gate.
 18453 | D:10     | Found a runed translucent gate.
 18998 | D:10     | Noticed a two-headed ogre
 19015 | D:10     | Killed a two-headed ogre
 19169 | D:10     | Found a viscous altar of Jiyva.
 19169 | D:10     | Noticed ReteAZ's ghost (journeyman DjIE)
 19218 | D:11     | Noticed a boulder beetle
 19232 | D:11     | Killed a boulder beetle
 19233 | D:11     | Reached skill level 9 in Ice Magic
 19515 | D:11     | Noticed a six-headed hydra
 19534 | D:11     | Killed a six-headed hydra
 19535 | D:11     | Reached skill level 5 in Spellcasting
 19535 | D:11     | Reached XP level 11. HP: 69/69 MP: 9/19
 19583 | D:11     | Upgraded the game from 0.27-a0-824-gca8104f8d5 to
                  | 0.27-a0-830-ga1c911b16d
 19589 | D:11     | Noticed a two-headed ogre
 19708 | D:11     | Noticed a two-headed ogre
 19715 | D:11     | Killed a two-headed ogre
 19718 | D:11     | Killed a two-headed ogre
 19943 | D:11     | Noticed a two-headed ogre
 19954 | D:11     | Killed a two-headed ogre
 19955 | D:11     | Reached skill level 10 in Ice Magic
 20343 | D:11     | Found a staircase to the Lair.
 20360 | Lair:1   | Entered Level 1 of the Lair of Beasts
 20608 | Lair:1   | Noticed a fire dragon
 20626 | Lair:1   | Killed a fire dragon
 20786 | Lair:1   | You fall into a shaft and drop 1 floor!
 21178 | Lair:1   | Noticed a five-headed hydra
 21263 | Lair:1   | Killed a five-headed hydra
 21275 | Lair:1   | Reached **** piety under Sif Muna
 21843 | Lair:1   | Noticed a six-headed hydra
 21865 | Lair:1   | Killed a six-headed hydra
 22487 | Lair:2   | Found a staircase to the Snake Pit.
 22824 | Lair:2   | Noticed Erica
 22834 | Lair:2   | Killed Erica
 23314 | Lair:2   | Noticed Fannar
 23572 | Lair:2   | Killed Fannar
 24131 | Lair:3   | Reached XP level 12. HP: 75/75 MP: 10/21
 24519 | Lair:3   | Upgraded the game from 0.27-a0-830-ga1c911b16d to
                  | 0.27-a0-860-gaf99fae3ca
 24598 | Lair:3   | Noticed a four-headed hydra
 24612 | Lair:3   | Killed a four-headed hydra
 24613 | Lair:3   | Reached skill level 10 in Summonings
 24710 | Lair:3   | Noticed a death yak
 24710 | Lair:3   | Noticed a death yak
 24723 | Lair:3   | Killed a death yak
 24723 | Lair:3   | Killed a death yak
 24724 | Lair:3   | Reached skill level 11 in Ice Magic
 24845 | Lair:3   | Noticed a catoblepas
 24860 | Lair:3   | Killed a catoblepas
 25414 | Lair:3   | Noticed a five-headed hydra
 25427 | Lair:3   | Killed a five-headed hydra
 26918 | Lair:4   | Noticed an eight-headed hydra
 26989 | Lair:4   | Killed an eight-headed hydra
 27000 | Lair:4   | Reached skill level 5 in Fighting
 27014 | Lair:4   | Reached skill level 5 in Invocations
 27164 | Lair:4   | Reached XP level 13. HP: 82/82 MP: 8/22
 27272 | Lair:4   | Found a staircase to the Shoals.
 28535 | Lair:5   | Reached ***** piety under Sif Muna
 28936 | Lair:5   | Identified Sif Muna's Theurgy in Simple Steps (Sif Muna
                  | gifted it to you on level 5 of the Lair of Beasts)
 28936 | Lair:5   | Received a gift from Sif Muna
 29653 | Lair:5   | Upgraded the game from 0.27-a0-860-gaf99fae3ca to
                  | 0.27-a0-861-g9529aa9bf3
 30487 | Lair:6   | Entered Level 6 of the Lair of Beasts
 30501 | Lair:6   | Found a staircase to the Slime Pits.
 30503 | Lair:6   | Found a viscous altar of Jiyva.
 30547 | Lair:6   | Learned a level 4 spell: Hailstorm
 31578 | Lair:6   | Reached skill level 5 in Evocations
 31888 | Lair:6   | Received a gift from Sif Muna
 32036 | Lair:6   | Reached XP level 14. HP: 92/92 MP: 17/23
 34326 | Lair:6   | Learned a level 5 spell: Lee's Rapid Deconstruction
 34429 | Lair:6   | Reached skill level 1 in Earth Magic
 35089 | Lair:6   | Upgraded the game from 0.27-a0-861-g9529aa9bf3 to
                  | 0.27-a0-883-g39567a0c06
 35216 | Orc:1    | Entered Level 1 of the Orcish Mines
 35304 | Orc:1    | Found Wouclac's Jewellery Shop.
 35307 | Orc:1    | Bought a +4 ring of protection for 468 gold pieces
 35307 | Orc:1    | Bought a ring of magical power for 260 gold pieces
 35307 | Orc:1    | Bought a ring of protection from fire for 325 gold pieces
 35385 | Orc:1    | Identified Sif Muna's Collected Works on the Destructive
                  | Entourage (Sif Muna gifted it to you on level 1 of the
                  | Orcish Mines)
 35385 | Orc:1    | Received a gift from Sif Muna
 35554 | D:9      | Learned a level 7 spell: Monstrous Menagerie
 35738 | Orc:1    | Found Lequavio's Jewellery Boutique.
 36510 | Orc:2    | Entered Level 2 of the Orcish Mines
 36696 | Orc:2    | Found a burning altar of Makhleb.
 37369 | Orc:2    | Learned a level 2 spell: Blink
 37589 | Orc:2    | Reached skill level 1 in Translocations
 37766 | Orc:2    | Found a staircase to the Elven Halls.
 37921 | Orc:2    | Found Paraixt's Antique Armour Shop.
 37921 | Orc:2    | Found Sessor's Assorted Antiques.
 37921 | Orc:2    | Found Xoluw's Book Shoppe.
 37924 | Orc:2    | Found Eblah's Jewellery Boutique.
 37929 | Orc:2    | Bought a white potion for 26 gold pieces
 38734 | D:12     | Noticed Erolcha
 38750 | D:12     | Killed Erolcha
 38913 | D:12     | You fall into a shaft and drop 2 floors!
 39032 | D:13     | Found Ugumyrir's Armour Shop.
 39045 | D:13     | Found a gate leading to a gauntlet.
 39158 | Gauntlet | Entered a Gauntlet
 39158 | Gauntlet | Found a transporter.
 39158 | Gauntlet | Found a transporter.
 39159 | Gauntlet | Found a transporter.
 39162 | Gauntlet | Found a transporter.
 39162 | Gauntlet | Found a transporter.
 39162 | Gauntlet | Found a transporter.
 39172 | Gauntlet | Found a transporter.
 39176 | Gauntlet | Found a transporter.
 39186 | Gauntlet | Found a transporter.
 39290 | Gauntlet | Found a transporter.
 39292 | Gauntlet | Found a transporter.
 39302 | Gauntlet | Found a transporter.
 39339 | Gauntlet | Upgraded the game from 0.27-a0-883-g39567a0c06 to
                  | 0.27-a0-887-gcab673c142
 39616 | Gauntlet | Identified Sif Muna's Tome of Creative Moulding (Sif Muna
                  | gifted it to you in a Gauntlet)
 39616 | Gauntlet | Received a gift from Sif Muna
 39769 | Gauntlet | Identified the ring "Qusuj" {rC+ rN+ Str+6 Dex-2}
 40025 | Gauntlet | Identified the ring "Offoask" {Int+6 Dex+3}
 41534 | D:14     | Upgraded the game from 0.27-a0-887-gcab673c142 to
                  | 0.27-a0-890-ged2907cb04
 41577 | D:14     | Found a hide-covered altar of Uskayaw.
 41603 | D:14     | Reached XP level 15. HP: 95/97 MP: 19/24
 42326 | D:14     | Found a gate to the Vaults.
 43149 | D:15     | Entered Level 15 of the Dungeon
 43861 | D:15     | Found a staircase to the Depths.
 44370 | D:15     | Identified the +4 short sword of Jimil {vorpal, Will- Str+3
                  | Dex+2}
 44488 | D:12     | Noticed Azrael
 44929 | Orc:2    | Bought a book of Ice for 1170 gold pieces
 44936 | Orc:2    | Learned a level 5 spell: Lee's Rapid Deconstruction
 44945 | Orc:2    | Learned a level 7 spell: Ozocubu's Refrigeration
 45308 | D:12     | Reached skill level 12 in Ice Magic
 45308 | D:12     | Identified Sif Muna's Catalogue of the Spatial Escort (Sif
                  | Muna gifted it to you on level 12 of the Dungeon)
 45308 | D:12     | Received a gift from Sif Muna
 45333 | D:12     | Learned a level 6 spell: Shadow Creatures
 46607 | D:12     | Killed Azrael
 46764 | D:12     | Upgraded the game from 0.27-a0-890-ged2907cb04 to
                  | 0.27-a0-901-g8736458e1e
 46842 | Snake:1  | Entered Level 1 of the Snake Pit
 46858 | Snake:1  | Noticed Kirke
 47070 | Snake:1  | Noticed a sphinx
 47310 | Lair:2   | Learned a level 4 spell: Ice Form
 47740 | Lair:2   | Killed Kirke
 48382 | Snake:1  | Noticed Louise
 48407 | Snake:1  | Killed Louise
 48633 | Snake:1  | Upgraded the game from 0.27-a0-901-g8736458e1e to
                  | 0.27-a0-906-g0a00ce863d
 49766 | Snake:1  | Noticed Agnes
 49772 | Snake:1  | Killed Agnes
 49773 | Snake:1  | Reached skill level 13 in Ice Magic
 51828 | Snake:1  | Upgraded the game from 0.27-a0-906-g0a00ce863d to
                  | 0.27-a0-909-g0721f309d1
 52347 | Snake:2  | Reached skill level 14 in Ice Magic
 52503 | Snake:2  | Identified the +12 hand axe of Valour {antimagic, Contam
                  | rC+++ Dex+3}
 52982 | Snake:3  | Noticed Asterion
 52982 | Snake:3  | Noticed Aizul
 52989 | Snake:3  | Killed Aizul
 52991 | Snake:3  | Reached XP level 16. HP: 36/103 MP: 14/28
 53555 | Snake:3  | Killed Asterion
 53838 | Snake:3  | Found Joateesi's Magic Scroll Boutique.
 53841 | Snake:3  | Found Icwah's Armour Boutique.
 53841 | Snake:3  | Found Nige's Antique Weapon Shop.
 53876 | Snake:3  | Found Wohusi's Jewellery Shop.
 53894 | Snake:3  | Noticed Vashnia
 54398 | Snake:3  | Killed Vashnia
 54557 | Snake:3  | Bought 2 scrolls of blinking for 255 gold pieces
 54980 | Snake:4  | Entered Level 4 of the Snake Pit
 55174 | Snake:4  | Reached skill level 15 in Ice Magic
 55508 | Snake:4  | Noticed a nagaraja
 55514 | Snake:4  | Killed a nagaraja
 55763 | Snake:4  | Noticed a nagaraja
 55960 | Snake:4  | Killed a nagaraja
 56254 | Snake:4  | Identified Sif Muna's Almanac of the Escort (Sif Muna
                  | gifted it to you on level 4 of the Snake Pit)
 56254 | Snake:4  | Received a gift from Sif Muna
 56512 | Snake:4  | Upgraded the game from 0.27-a0-909-g0721f309d1 to
                  | 0.27-a0-911-gfacc31910f
 57049 | Snake:4  | Reached skill level 16 in Ice Magic
 58105 | Snake:4  | Noticed a nagaraja
 58115 | Snake:4  | Killed a nagaraja
 58918 | Snake:4  | Noticed a nagaraja
 58921 | Snake:4  | Killed a nagaraja
 59152 | Snake:4  | Got a serpentine rune of Zot
 59459 | Shoals:1 | Entered Level 1 of the Shoals
 59473 | Shoals:1 | Noticed Frances
 59484 | Shoals:1 | Killed Frances
 59588 | Shoals:1 | Found Ugobel's Antique Weapon Shop.
 59646 | Shoals:1 | Reached skill level 17 in Ice Magic
 60208 | Shoals:1 | Found Ytruriaj's Antique Armour Shop.
 60427 | Shoals:1 | Found Cuip's Book Shop.
 60791 | Shoals:1 | Found Gashaz's Weapon Boutique.
 60795 | Shoals:1 | Found Zusunysh's Assorted Antiques.
 60827 | Shoals:1 | Identified the +4 kite shield "Niweq" {Slay+3}
 60827 | Shoals:1 | Noticed Donald
 60831 | Shoals:1 | Reached XP level 17. HP: 105/108 MP: 10/29
 60832 | Shoals:1 | Killed Donald
 61210 | Shoals:1 | Upgraded the game from 0.27-a0-911-gfacc31910f to
                  | 0.27-a0-926-g0e6d9124c6
 61492 | Shoals:2 | Reached skill level 5 in Shields
 62092 | Shoals:2 | Found an iron altar of Okawaru.
 63193 | Shoals:2 | Found a bloodstained altar of Trog.
 63802 | Shoals:2 | Received a gift from Sif Muna
 65566 | Shoals:4 | Entered Level 4 of the Shoals
 66298 | Shoals:4 | Reached skill level 10 in Shields
 66973 | Shoals:4 | Noticed Mara
 66980 | Shoals:4 | Killed Mara
 67898 | Shoals:4 | Reached XP level 18. HP: 114/114 MP: 24/30
 68528 | Shoals:4 | Identified the ring "Fiuma" {rC- rCorr Str+6 Int+10}
 68935 | Shoals:3 | Upgraded the game from 0.27-a0-926-g0e6d9124c6 to
                  | 0.27-a0-941-g386ccf399c
 69051 | Shoals:4 | Received a gift from Sif Muna
 70412 | Shoals:4 | Got a barnacled rune of Zot
 70773 | Elf:1    | Entered Level 1 of the Elven Halls
 71685 | Elf:1    | Found Wepuheka's Book Shop.
 71686 | Elf:1    | Found Widwuthro's Jewellery Emporium.
 71687 | Elf:1    | Found Querout's Book Shop.
 72196 | Elf:1    | Identified the Volume of Confrontation
 73373 | Elf:1    | Identified the +11 rapier of Shrieking Terror {venom,
                  | *Noise rElec rC- Int+7}
 73969 | Elf:1    | Identified Sif Muna's Spellcraft, Part Three (Sif Muna
                  | gifted it to you on level 1 of the Elven Halls)
 73969 | Elf:1    | Received a gift from Sif Muna
 74458 | Elf:1    | Learned a level 5 spell: Lee's Rapid Deconstruction
 75594 | Elf:2    | Upgraded the game from 0.27-a0-941-g386ccf399c to
                  | 0.27-a0-955-gb57c80000f
 75610 | Elf:2    | Found a runed translucent gate.
 75610 | Elf:2    | Found a runed translucent gate.
 75610 | Elf:2    | Found a runed translucent gate.
 75733 | Elf:2    | Reached skill level 5 in Earth Magic
 75941 | Elf:2    | Noticed Saint Roka
 76504 | Vaults:1 | Entered Level 1 of the Vaults
 78471 | Vaults:1 | Reached XP level 19. HP: 95/120 MP: 8/31
 79896 | Vaults:1 | Identified Sif Muna's Catalogue of the Doomed Escort (Sif
                  | Muna gifted it to you on level 1 of the Vaults)
 79896 | Vaults:1 | Received a gift from Sif Muna
 79897 | Vaults:1 | Reached skill level 15 in Summonings
 82591 | Vaults:2 | Found Gozag's Assorted Antiques.
 82613 | Vaults:2 | Found Gozag's Antique Armour Shop.
 82614 | Vaults:2 | Found an opulent altar of Gozag.
 82914 | Vaults:2 | Noticed a tentacled monstrosity
 83126 | Vaults:2 | Killed a tentacled monstrosity
 83377 | Vaults:2 | Found Gozag's Antique Weapon Boutique.
 83683 | Vaults:2 | Reached skill level 10 in Spellcasting
 84383 | Vaults:2 | Upgraded the game from 0.27-a0-955-gb57c80000f to
                  | 0.27-a0-972-gd1521fd518
 84629 | Vaults:2 | Identified Sif Muna's Papyrus of Evil (Sif Muna gifted it
                  | to you on level 2 of the Vaults)
 84629 | Vaults:2 | Received a gift from Sif Muna
 84940 | Vaults:2 | Found a staircase to the Crypt.
 85394 | Vaults:2 | Learned a level 7 spell: Monstrous Menagerie
 85431 | Crypt:1  | Entered Level 1 of the Crypt
 85844 | Vaults:3 | HP: 4/120 [tengu reaver/bolt of lightning (19)]
 85846 | Vaults:3 | Killed from afar by a tengu reaver

Illustrated notes

Levels and vault maps discovered:
D:1:      wander_arrival_desolate, layout_basic, feat_on_display
D:2:      layout_loops_ring, lemuel_doored_altar,
          gammafunk_temple_overflow_elements, serial_shops, shop, uniq_robin,
          uniq_sigmund
D:3:      layout_loops_corners, marbit_many_paths, zin_purify,
          chequers_ecumenical_altar_simple_redux
D:4:      layout_basic, general_overflow_altar, overflow_temple_1_default,
          cheibrodos_ashenzari_chains, uniq_eustachio, uniq_pikel
D:5:      layout_rooms, temple_green, basic_altar, lightli_corner_chamber,
          uniq_blork_the_orc, uniq_grinder
D:6:      layout_loops_ring, minmay_misc_feat_tower
D:7:      layout_rooms, fedhas_bush_and_centaur_altar, serial_shops,
          kennysheep_mini, shop
D:8:      layout_loops_ring, okawaru_gym_becter, serial_shops,
          kennysheep_little_box
D:9:      layout_rooms, overflow_temple_1_default,
          kennysheep_orc_monster_closet_entryway, uniq_psyche
D:10:     layout_basic, gammafunk_ghost_endoplasm
D:11:     layout_basic, lair_entry_dummy, eino_tiny_chamber
D:12:     layout_long_grid, minmay_the_grid_square_5x5_3x3_mashed
          [minmay_the_grid_square_5x5_inner_v,
          minmay_the_grid_square_5x5_intrusive_squares,
          minmay_the_grid_square_5x5_empty, minmay_the_grid_square_5x5_one_wall,
          minmay_the_grid_square_5x5_megaprize_hollow,
          minmay_the_grid_square_5x5_longway,
          minmay_the_grid_square_5x5_three_small,
          minmay_the_grid_square_5x5_beaten_path,
          minmay_the_grid_square_5x5_two], uniq_azrael, uniq_erolcha
D:13:     layout_rooms, serial_shops, shop, gauntlet_entry_generic,
          kennysheep_windowed_goal
D:14:     layout_irregular_city, grunt_vaults_entry_fortified,
          nicolae_uskayaw_dance_hall
D:15:     hangedman_depths_entry_try_elsewhere_first, layout_basic,
          minmay_circle_x
Lair:1:   dragon1_lemuel, layout_hall_layers, beast_lair_carwin_11
Lair:2:   layout_cave_shapes, minmay_snake_entry_guardpost_small, uniq_fannar,
          uniq_erica
Lair:3:   layout_roguey, beast_lair_carwin_2
Lair:4:   layout_loops_ring, elwin_shoals_entry_stream
Lair:5:   layout_gridlike, grunt_megastairs_5
Lair:6:   hangedman_lair_caniforms_friends, layout_cave_pods, slime_altar_1
Shoals:1: layout_shoals, serial_shops, nicolae_shop_statue_plus,
          nicolae_shop_trees, shop, nicolae_shop_crystal, shop, uniq_frances,
          uniq_donald
Shoals:2: layout_shoals, hangedman_feature_mirror, nicolae_shoals_drake_roost
Shoals:3: layout_shoals
Shoals:4: shoals_end_simple, layout_shoals, uniq_mara
Snake:1:  layout_layer_cave, portal_ice_cave_entry_dragon, uniq_kirke,
          uniq_agnes, uniq_louise
Snake:2:  dpeg_oklob_gauntlet, layout_basic
Snake:3:  layout_rooms, st_stairs_2, statue_in_the_mist_lemuel,
          minmay_shoptagon, uniq_vashnia, uniq_asterion, uniq_aizul
Snake:4:  snake_pit, layout_gridlike, grunt_ministairs_6, grunt_megastairs_3
Orc:1:    cheibrodos_orc_bank, layout_diamond_mine, serial_shops, shop,
          minmay_shop_enchanted_jewellery
Orc:2:    st_orc_rangers, layout_caves, basic_altar, bloody_makhleb
Elf:1:    elf_arrival_002, layout_gridlike, minmay_elf_annihilation,
          grunt_ministairs_11, minivault_14, minivault_16,
          minmay_checkered_concentric_circles, minmay_shop_grove
Elf:2:    layout_rooms, small_chamber_with_monster, uniq_saint_roka
Vaults:1: vaults_dpeg_doors, v_alt_pattern_6, ontoclasm_vaults_ring_square,
          vaults_room_fours, ontoclasm_vaults_decontamination, serial_ice_g,
          hangedman_vaults_restitches, special_room_vaults [special_room_orc],
          layout_vaults_chaotic_city
Vaults:2: ontoclasm_vaults_loading_screen, kennysheep_vaults_gozag_temple,
          v_misc_4, minmay_crypt_entry_simple_statues, hangedman_vaults_maws,
          nicolae_vaults_stairing_the_circle, v_alt_pattern_6,
          nicolae_vaults_ring_of_whatevers, vaults_dpeg_ring,
          grunt_vaults_diagonal, layout_vaults_ring
Vaults:3: ontoclasm_vaults_idyll, ontoclasm_vaults_idyll,
          vaults_standard_mumra_lines, hangedman_vaults_snaps,
          nicolae_vaults_c_with_doors, v_pattern_4, vaults_room_octagon,
          ontoclasm_vaults_gateway, v_misc_28, v_misc_29, vaults_mumra_hexcomb,
          nicolae_vaults_little_squares_4, nicolae_vaults_shelves_hall,
          vaults_room_door_ring, layout_vaults_maze_snakey, serial_shops, shop
Crypt:1:  layout_rooms, uniq_frederick

Skill      XL: |  1  2  3  4  5  6  7  8  9 10 11 12 13 14 15 16 17 18 19 |
---------------+----------------------------------------------------------+-----
Ice Magic      | 5 6 7 9 10 11 14 17 | 17.5
Stealth        | 3 4 5 8 9 |  9.0
Fighting       | 1 2 4 5 7 8 |  8.0
Dodging        | 3 4 5 6 8 9 |  9.8
Spellcasting   | 3 4 5 6 8 10 | 10.6
Summonings     | 5 6 7 9 11 13 14 16 | 16.5
Invocations    | 1 3 5 8 9 |  9.1
Evocations     | 3 4 5 6 |  6.4
Staves         | 1 2 |  2.8
Shields        | 4 12 14 | 14.4
Earth Magic    | 3 5 |  5.8
Translocations | 2 |  2.4

Action                   |  1- 3 |  4- 6 |  7- 9 | 10-12 | 13-15 | 16-18 | 19-21 || total
-------------------------+-------+-------+-------+-------+-------+-------+-------++-------
Melee: Dagger            |     7 |       |       |    12 |     8 |     6 |     1 ||    34
       Short sword       |    14 |    73 |     6 |       |       |       |       ||    93
       Constrict         |     6 |    20 |    21 |    16 |    58 |    13 |     1 ||   135
       Tentacles         |       |    16 |    23 |    12 |    78 |     8 |     5 ||   142
       Whip              |       |    18 |    50 |     1 |       |       |       ||    69
       Lajatang          |       |       |    52 |     6 |       |       |       ||    58
       Morningstar       |       |       |       |    74 |   329 |    46 |    33 ||   482
       Unarmed           |       |       |       |       |     8 |       |       ||     8
       Staff             |       |       |       |       |       |       |     2 ||     2
Throw: Stone             |       |     3 |     3 |       |       |       |       ||     6
       Dart              |       |     2 |    11 |    14 |     6 |     1 |       ||    34
 Cast: Freeze            |    23 |     7 |     8 |     7 |       |       |       ||    45
       Frozen Ramparts   |     2 |    19 |    32 |    46 |    72 |     7 |     1 ||   179
       Ozocubu's Armour  |       |     6 |    33 |    30 |   102 |    19 |    10 ||   200
       Summon Ice Beast  |       |       |    62 |   209 |   305 |       |       ||   576
       Monstrous Menager |       |       |       |       |    35 |       |     1 ||    36
       Blink             |       |       |       |       |     2 |     3 |       ||     5
       Ignition          |       |       |       |       |     1 |       |       ||     1
       Shadow Creatures  |       |       |       |       |   108 |   198 |    43 ||   349
       Ozocubu's Refrige |       |       |       |       |     2 |   389 |   150 ||   541
       Ice Form          |       |       |       |       |     2 |     1 |       ||     3
       Lee's Rapid Decon |       |       |       |       |       |     6 |     4 ||    10
       Necromutation     |       |       |       |       |       |       |     1 ||     1
Invok: Channel Magic     |       |       |       |     1 |     7 |     6 |       ||    14
       Divine Exegesis   |       |       |       |       |     1 |       |     1 ||     2
       Forget Spell      |       |       |       |       |     1 |     1 |       ||     2
 Abil: End Transformatio |       |       |       |       |       |     1 |       ||     1
Evoke: Wand              |       |       |       |       |    38 |    13 |     4 ||    55
       Box of beasts     |       |       |       |       |       |     2 |     1 ||     3
  Use: Scroll            |       |     7 |    15 |     9 |    15 |     8 |     3 ||    57
       Potion            |       |       |     3 |     1 |     8 |     2 |       ||    14
 Stab: Sleeping          |     4 |     9 |    11 |     2 |     6 |     5 |     1 ||    38
       Distracted        |       |       |       |     1 |     6 |       |     1 ||     8
       Petrified         |       |       |       |     3 |       |       |       ||     3
       Paralysed         |       |       |       |       |     1 |       |     1 ||     2
Armor: Skin              |     6 |     5 |    32 |    25 |    98 |    15 |     7 ||   188
Dodge: Dodged            |    34 |    65 |   127 |    93 |   491 |   129 |    47 ||   986
Block: Buckler           |       |       |       |    32 |   171 |    49 |       ||   252
       Kite shield       |       |       |       |       |       |    45 |    55 ||   100

Table legend: (Time is in decaauts)
 A = Elapsed time spent in this place.
 B = Non-inter-level travel time spent in this place.
 C = Inter-level travel time spent in this place.
 D = Time resting spent in this place.
 E = Time spent auto-exploring this place.
 F = Levels seen in this place.
 G = Mean time per level.
                   A        B        C        D        E       F      G
               +--------+--------+--------+--------+--------+-----+--------+
         Total |  86152 |  82968 |   3184 |  26465 |  42471 |  38 | 2267.2 |
       Dungeon |  28447 |  26815 |   1632 |   8585 |  13370 |  15 | 1896.5 |
          Lair |  16218 |  15591 |    627 |   3441 |   9472 |   6 | 2703.0 |
        Shoals |  11105 |  10838 |    267 |   4737 |   4854 |   4 | 2776.2 |
     Snake Pit |  11577 |  11296 |    281 |   4653 |   4846 |   4 | 2894.2 |
  Orcish Mines |   3786 |   3639 |    147 |   1721 |   1177 |   2 | 1893.0 |
   Elven Halls |   4761 |   4652 |    109 |   1583 |   2174 |   2 | 2380.5 |
        Vaults |   9111 |   8992 |    119 |   1528 |   6081 |   3 | 3037.0 |
         Crypt |      4 |      4 |      0 |      0 |      0 |   1 |    4.0 |
      Gauntlet |   1139 |   1139 |      0 |    217 |    496 |   1 | 1139.0 |
               +--------+--------+--------+--------+--------+-----+--------+

Top non-repeatable levels by time:
Vaults:1: 4993 daAuts
  Lair:6: 4304 daAuts
   Elf:1: 4068 daAuts
Shoals:3: 3941 daAuts
Vaults:2: 3923 daAuts
 Snake:2: 3474 daAuts
 Snake:4: 3390 daAuts
     D:4: 2896 daAuts
     D:8: 2876 daAuts
 Snake:1: 2726 daAuts
    D:14: 2726 daAuts
Shoals:2: 2661 daAuts
  Lair:3: 2640 daAuts
  Lair:1: 2590 daAuts
     D:6: 2519 daAuts
